AoeStats
← 3DIQ | XSaDcX

MegaRandom

506655804Analyzed
1v1 RM · 19d ago on Sep 14, 2026· 43m 33s· 2 players
Game mode
Random Map
Map size
Tiny (2 player)
Population
200
Speed
Normal
Resources
Standard
Victory
Conquest
Starting age
Dark Age
Ending age
Imperial Age
RankedLock teamsTeams togetherTeam positionsShared explorationLock speedFull tech treeHidden civsTurbo modeCheats
Victory
Defeat
🇺🇸 Portuguese · United States
1183
+15
🇨🇴 Mongols · Colombia
1165
-15
3DIQ | XSaDcX
7:06 Loom
9:26 Feudal Age
9:57 Double-Bit Axe
20:01 Castle Age
19:24 Bloodlines
19:15 Gold Mining
19:55 Forging
19:50 Scale Barding Armor
24:57 Husbandry
27:39 Wheelbarrow
30:36 Hand Cart
31:02 Iron Casting
31:16 Bow Saw
31:52 Chain Barding Armor
33:10 Town Watch
33:57 Horse Collar
37:08 Imperial Age
35:05 Town Patrol
37:29 Padded Archer Armor
37:19 Fletching
37:59 Ballistics
38:48 Conscription
39:51 Stone Mining
40:37 Gold Shaft Mining
41:08 Bodkin Arrow
SpartinSquirrel
9:17 Feudal Age
10:18 Double-Bit Axe
12:14 Horse Collar
13:36 Loom
16:26 Castle Age
14:29 Gold Mining
15:08 Stone Mining
19:11 Bow Saw
20:01 Fletching
23:35 Bodkin Arrow
23:58 Crossbowman
26:15 Padded Archer Armor
26:57 Ballistics
31:06 Leather Archer Armor
31:57 Thumb Ring
33:51 Wheelbarrow
33:58 Town Watch
37:35 Imperial Age
38:09 Scale Mail Armor
38:20 Forging
37:34 Pikeman
38:00 Gambesons
39:53 Chemistry
39:15 Arbalester
40:02 Bracer
40:35 Heavy Plow
40:51 Halberdier
43:39 Hand Cart
Connection lost

Rejoining the realm…

Still unreachable

The connection could not be restored.

Session expired

The server has moved on; the page needs a fresh start.